 Dungeon Crawl Stone Soup version 0.14-a0-181-gf6fe0c6 (webtiles) character file.

12898 PolkaDot the Grappler (level 11, -11/95 HPs)
             Began as a Troll Death Knight on Oct 6, 2013.
             Was a High Priest of Yredelemnul.
             Mangled by a boring beetle (30 damage)
             ... on Level 13 of the Dungeon.
             The game lasted 00:40:55 (9212 turns).

PolkaDot the Grappler (Troll Death Knight)          Turns: 9212, Time: 00:40:55

HP -11/95        AC  9     Str 26      XL: 11   Next: 57%
MP  17/17        EV  9     Int 10      God: Yredelemnul [*****.]
Gold 870         SH  0     Dex 14      Spells:  1 memorised,  8 levels left

Res.Fire  : . . .   See Invis. : +     - Unarmed
Res.Cold  : . . .   Warding    : .   y - +1 troll leather armour {Purgy}
Life Prot.: . . .   Conserve   : .   (shield restricted)
Res.Poison: +       Res.Corr.  : +   (helmet restricted)
Res.Elec. : .       Clarity    : .   e - +0 cloak
Sust.Abil.: . .     Spirit.Shd : .   (gloves unavailable)
Res.Mut.  : .       Stasis     : .   (boots unavailable)
Res.Rott. : .       Flight     : .   M - amulet of resist corrosion
Gourmand  : +                        H - cursed ring of see invisible
                                     L - ring "Skarhodi" {rPois Str+3 Int+3}

@: mildly poisoned, somewhat resistant to hostile enchantments, unstealthy
A: unfitting armour, claws 3, fast metabolism 3, -10% hp, gourmand, -10% mp,
regeneration 2, saprovore 2, tough skin 2, AC +1, Dex +2
a: Animate Dead, Recall Undead Slaves, Injury Mirror, Drain Life, Enslave Soul,
Renounce Religion


You were on level 13 of the Dungeon.
You worshipped Yredelemnul.
Yredelemnul was extremely pleased with you.
You were completely stuffed.

You visited 1 branch of the dungeon, and saw 13 of its levels.

You collected 850 gold pieces.

Inventory:

Armour
 e - a +0 cloak (worn)
 y - a +1 troll leather armour (worn) {Purgy}
Magical devices
 t - a wand of frost (8)
 C - a wand of digging (17)
 Q - a wand of disintegration (16) {unknown}
Comestibles
 a - 6 meat rations
 b - a cheese
 d - a rambutan
 f - 4 chunks of hill giant flesh
 g - 19 strawberries
 j - 3 chokos
 u - 4 apples
 w - 7 bread rations
 B - 2 pears
Scrolls
 c - 5 scrolls of teleportation
 i - 2 scrolls of identify
 l - a scroll of fog
 p - 8 scrolls of remove curse
 q - a scroll of enchant weapon II {unknown}
 r - 2 scrolls of curse armour {unknown}
 x - a scroll of enchant weapon I
 z - a scroll of curse weapon {unknown}
 E - 2 scrolls of blinking {unknown}
 F - a scroll of amnesia {unknown}
 N - a scroll of magic mapping {unknown}
Jewellery
 h - an uncursed amulet of resist mutation
 o - an uncursed ring of protection from cold
 D - an uncursed ring of sustain abilities
 H - a cursed ring of see invisible (right claw)
 L - the ring "Skarhodi" (left claw) {rPois Str+3 Int+3}
   (You found it on level 9 of the Dungeon)

   [ring of poison resistance]

   It affects your strength (+3).
   It affects your intelligence (+3).
 M - an amulet of resist corrosion (around neck)
 P - an uncursed ring of flight
Potions
 k - 3 potions of brilliance
 n - a potion of flight
 s - a potion of magic
 v - a potion of poison
 J - a potion of speed
Books
 m - a book of Beasts

   Spells                             Type                      Level
   Summon Butterflies                 Summoning                    1
   Sticks to Snakes                   Transmutation                2
   Call Canine Familiar               Summoning                    3
   Ice Form                           Ice/Transmutation            4
   Summon Ice Beast                   Ice/Summoning                4
   Summon Hydra                       Summoning                    7
 A - a book of Spatial Translocations

   Spells                             Type                      Level
   Apportation                        Translocation                1
   Portal Projectile                  Translocation                2
   *Blink                             Translocation                2
   Shroud of Golubria                 Charms/Translocation         2
   Teleport Other                     Translocation                3
   Passage of Golubria                Translocation                4
 G - a book of Callings

   Spells                             Type                      Level
   Summon Small Mammal                Summoning                    1
   Call Imp                           Summoning                    2
   Call Canine Familiar               Summoning                    3
   Summon Scorpions                   Summoning/Poison             4
   Summon Ice Beast                   Ice/Summoning                4
 I - a book of Control

   Spells                             Type                      Level
   Control Teleport                   Charms/Translocation         4
   Control Undead                     Necromancy                   4
   Enslavement                        Hexes                        4
   Mass Confusion                     Hexes                        6
   Metabolic Englaciation             Hexes/Ice                    6
 K - a book of Necromancy

   Spells                             Type                      Level
   Pain                               Necromancy                   1
   Animate Skeleton                   Necromancy                   1
   Lethal Infusion                    Charms/Necromancy            2
   Vampiric Draining                  Necromancy                   3
   Regeneration                       Charms/Necromancy            3
   Animate Dead                       Necromancy                   4
   Control Undead                     Necromancy                   4


   Skills:
 + Level 8.5 Fighting
 - Level 1.2 Dodging
 * Level 13.0 Unarmed Combat
 + Level 8.3 Invocations


You had 8 spell levels left.
You knew the following spells:

 Your Spells              Type           Power        Failure   Level  Hunger
a - Blink                 Tloc           N/A          61%         2    ###....


Dungeon Overview and Level Annotations

Branches:
Dungeon (13/27)            Temple (0/1) D:6             Orc (0/4) D:7
   Lair: D:8-13

Altars:
Nemelex Xobeh
Sif Muna
Vehumet
Zin

Shops:
D:10 (}   D:11 (


Innate Abilities, Weirdness & Mutations

You are too large for most types of armour.
You have claws for hands.
Your metabolism is lightning-fast.
You like to eat raw meat.
You heal very quickly.
You can eat rotten meat.
You are covered in fur (AC +1).
You have very tough skin (AC +2).
You are agile. (Dex +2)
You are frail (-10% HP).
Your magical capacity is low (-10% MP).


Message History

The green ugly thing is moderately wounded.
You claw the green ugly thing!
The green ugly thing is heavily wounded.
The green ugly thing engulfs you but does no damage.
The boring beetle bites you!
* * * LOW HITPOINT WARNING * * *
You hear a grinding noise.
You closely miss the green ugly thing.
The green ugly thing is heavily wounded.
The green ugly thing closely misses you.
You claw the green ugly thing!
The green ugly thing is severely wounded.
The green ugly thing engulfs you!
* * * LOW HITPOINT WARNING * * *
You are poisoned.
The green ugly thing poisons you!
You hear a grinding noise.
The boring beetle bites you!
You die...
Your body rises from the dead as a mindless zombie.

. #.# #.# . #.#
## ..###..##B##
.#....#..u@#
........#.###
####).##
###.############
#...###........#
#.#...)....###(#
#.###...##.# #z#
#.zz.##.##.###.#
#######.(.z.z..#


You could see a boring beetle and a green ugly thing (bleeding).

Vanquished Creatures
  An unseen horror (D:12)
  A hill giant (D:12)
  Grinder (D:3)
  A troll (D:10)
  A two-headed ogre (D:12)
  2 ugly things (D:13)
  12 yaks
  A hill giant zombie (D:10)
  A steam dragon (D:11)
  Grum (D:9)
  3 hippogriffs
  A hungry ghost (D:13)
  4 wolves (D:9)
  A necrophage (D:12)
  2 orc warriors
  Purgy (D:3)
  3 sky beasts
  2 black bears
  2 phantoms
  11 centaurs
  2 yellow wasps
  2 ice beasts
  6 ogres
  A crocodile (D:9)
  2 big kobolds
  4 giant frogs
  Blork the orc (D:9)
  A cyclops zombie (D:12)
  An eye of draining (D:10)
  A cyclops skeleton (D:10)
  A yak zombie (D:9)
  A wyvern skeleton (D:10)
  5 wights (D:12)
  7 killer bees
  A yak skeleton (D:12)
  3 goliath beetles
  A quasit (D:10)
  7 crimson imps
  5 hounds
  Crazy Yiuf (D:3)
  2 jellies
  A scorpion (D:5)
  13 orc wizards
  8 orc priests
  7 worker ants
  2 iguanas
  A crocodile zombie (D:12)
  An ogre zombie (D:9)
  A brain worm zombie (D:11)
  An ogre skeleton (D:4)
  A mummy (D:11)
  A hound skeleton (D:6)
  12 adders
  2 gnolls (D:7)
  A giant centipede (D:12)
  3 green rats (D:7)
  2 giant mites (D:1)
  4 worms
  2 giant eyeballs
  5 giant geckos
  45 orcs
  12 bats
  4 giant cockroaches
  9 hobgoblins
  6 jackals
  3 quokkas
  4 ball pythons
  11 giant newts
  A gnoll zombie (D:3)
  18 goblins
  A hobgoblin skeleton (D:8)
  A hobgoblin zombie (D:5)
  20 kobolds
  A kobold zombie (D:7)
  3 orc skeletons
  12 rats
  A rat skeleton (D:4)
  A rat zombie (D:5)
  A fungus (D:3)
  A plant (D:7)
330 creatures vanquished.

Vanquished Creatures (collateral kills)
  A hill giant (D:13)
  3 ugly things (D:13)
  3 yaks
  2 mottled dragons (D:11)
  A yellow wasp (D:10)
  An ice beast (D:12)
  A boring beetle (D:13)
  2 giant frogs
  A killer bee (D:11)
  2 crimson imps
  A hound (D:11)
  2 orc priests
  An iguana (D:11)
  2 orc wizards (D:8)
  A worker ant (D:10)
  Jessica (D:4)
  3 adders
  2 giant eyeballs
  6 orcs
  A bat (D:4)
  2 goblins
  A hobgoblin (D:3)
  4 kobolds
  2 quokkas
46 creatures vanquished.

Vanquished Creatures (others)
  2 flying skulls (D:13)
  A wraith (D:13)
  2 yak zombies (D:12)
  3 wights
  A killer bee zombie (D:11)
  A necrophage skeleton (D:12)
  2 hound zombies (D:12)
  An iguana zombie (D:12)
  A goblin zombie (D:7)
  A hobgoblin zombie (D:3)
  4 orc zombies
  A rat skeleton (D:7)
20 creatures vanquished.

Grand Total: 396 creatures vanquished

Notes
Turn   | Place    | Note
--------------------------------------------------------------
     0 | D:1      | PolkaDot, the Troll Death Knight, began the quest for the Orb.
     0 | D:1      | Reached XP level 1. HP: 20/20 MP: 2/2
   127 | D:1      | Reached XP level 2. HP: 25/28 MP: 2/2
   302 | D:1      | Acquired Yredelemnul's second power
   476 | D:1      | Reached XP level 3. HP: 31/35 MP: 4/4
   503 | D:1      | Reached skill level 3 in Unarmed Combat
   984 | D:2      | Reached XP level 4. HP: 26/44 MP: 4/4
  1659 | D:3      | Reached skill level 4 in Unarmed Combat
  1718 | D:3      | Reached XP level 5. HP: 48/50 MP: 5/5
  1745 | D:3      | Noticed Grinder
  1756 | D:3      | Killed Grinder
  1756 | D:3      | Reached skill level 5 in Unarmed Combat
  1756 | D:3      | Reached XP level 6. HP: 23/59 MP: 6/6
  1953 | D:3      | Acquired Yredelemnul's third power
  2076 | D:3      | Noticed Purgy
  2086 | D:3      | Killed Purgy
  2358 | D:3      | Noticed Crazy Yiuf
  2364 | D:3      | Killed Crazy Yiuf
  2364 | D:3      | Reached skill level 6 in Unarmed Combat
  2479 | D:4      | Paralysed by a giant eyeball for 4 turns
  2486 | D:4      | Paralysed by a giant eyeball for 2 turns
  2516 | D:4      | Noticed Jessica
  2527 | D:4      | Killed Jessica
  2538 | D:4      | Found a deep blue altar of Sif Muna.
  2594 | D:4      | Reached XP level 7. HP: 65/67 MP: 6/6
  2845 | D:5      | Entered Level 5 of the Dungeon
  3161 | D:5      | Reached skill level 7 in Unarmed Combat
  3263 | D:5      | Found a radiant altar of Vehumet.
  3276 | D:5      | Paralysed by a giant eyeball for 3 turns
  3373 | D:5      | Found a glowing silver altar of Zin.
  3422 | D:5      | Reached XP level 8. HP: 76/76 MP: 8/8
  3701 | D:5      | Reached skill level 5 in Fighting
  3990 | D:6      | Reached skill level 8 in Unarmed Combat
  4065 | D:6      | Learned a level 2 spell: Blink
  4124 | D:6      | Acquired Yredelemnul's fourth power
  4239 | D:6      | Found a sparkling altar of Nemelex Xobeh.
  4298 | D:6      | Found a staircase to the Ecumenical Temple.
  4626 | D:7      | Reached XP level 9. HP: 70/85 MP: 10/12
  4634 | D:7      | Reached skill level 9 in Unarmed Combat
  4690 | D:7      | Received a gift from Yredelemnul
  4895 | D:7      | HP: 4/85 [poisoned by a kobold]
  5030 | D:7      | Reached skill level 5 in Invocations
  5030 | D:7      | Received a gift from Yredelemnul
  5110 | D:7      | Found a staircase to the Orcish Mines.
  5302 | D:8      | Received a gift from Yredelemnul
  5667 | D:8      | Reached skill level 10 in Unarmed Combat
  5682 | D:8      | Gained mutation: Your magical capacity is low (-10% MP). [mutagenic meat]
  5685 | D:8      | Gained mutation: You are agile. (Dex +2) [potion of mutation]
  5685 | D:8      | Gained mutation: You are frail (-10% HP). [potion of mutation]
  6199 | D:9      | Received a gift from Yredelemnul
  6224 | D:9      | Got a crude steel ring
  6270 | D:9      | Reached XP level 10. HP: 18/86 MP: 11/13
  6716 | D:9      | Reached skill level 11 in Unarmed Combat
  6728 | D:9      | Noticed Blork the orc
  6736 | D:9      | Killed Blork the orc
  6760 | D:9      | Noticed Grum
  6774 | D:9      | Killed Grum
  6777 | D:9      | Acquired Yredelemnul's fifth power
  6869 | D:10     | Entered Level 10 of the Dungeon
  6869 | D:10     | Found Skaygeut's Gadget Shoppe.
  6918 | D:10     | Found Orymaji's Antique Weapon Boutique.
  6944 | D:10     | Paralysed by a yellow wasp for 3 turns
  6950 | D:10     | Paralysed by a yellow wasp for 3 turns
  6959 | D:10     | Identified the ring "Skarhodi" {rPois Str+3 Int+3} (You found it on level 9 of the Dungeon)
  7535 | D:11     | Found Phuv's Antique Weapon Shop.
  7632 | D:11     | Reached skill level 12 in Unarmed Combat
  7900 | D:11     | Received a gift from Yredelemnul
  8354 | D:12     | Reached XP level 11. HP: 74/94 MP: 16/16
  8385 | D:12     | HP: 4/94 [yak (13)]
  8420 | D:12     | HP: 2/94 [yak (12)]
  8566 | D:12     | Noticed an unseen horror
  8584 | D:12     | Killed an unseen horror
  8664 | D:12     | Identified a +1 rod of striking (6/6) (You found it on level 12 of the Dungeon)
  8758 | D:12     | Noticed a hill giant
  8765 | D:12     | Killed a hill giant
  9002 | D:13     | Received a gift from Yredelemnul
  9052 | D:13     | HP: 4/95 [red ugly thing (8)]
  9151 | D:13     | Noticed a hill giant
  9157 | D:13     | Killed a hill giant
  9157 | D:13     | Reached skill level 13 in Unarmed Combat
  9212 | D:13     | Mangled by a boring beetle

Action                   |  1- 3 |  4- 6 |  7- 9 | 10-12 || total
-------------------------+-------+-------+-------+-------++-------
Melee: Unarmed           |    95 |   164 |   371 |   354 ||   984
Invok: Animate Remains   |     4 |     4 |       |       ||     8
       Animate Dead      |       |     6 |    30 |    24 ||    60
       Recall Undead Sla |       |       |     1 |     2 ||     3
  Use: Scroll            |       |     4 |     9 |     5 ||    18
       Potion            |       |       |     5 |     9 ||    14
 Stab: Distracted        |       |     1 |     1 |     1 ||     3
